 Dungeon Crawl Stone Soup version 0.22-a0-113-gdd6f4a9 (webtiles) character file.

1923 sankara the Basher (level 9, -2/53 HPs)
             Began as a Gargoyle Fighter on Jan 28, 2018.
             Was a Follower of Hepliaklqana.
             Slain by a two-headed ogre
             ... wielding a +0 giant spiked club
              (7 damage)
             ... on level 7 of the Dungeon.
             The game lasted 00:26:15 (6745 turns).

sankara the Basher (Gargoyle Fighter)               Turns: 6745, Time: 00:26:15

Health: -2/53      AC: 19    Str: 19    XL:     9   Next: 17%
Magic:  9/9        EV:  5    Int: 10    God:    Hepliaklqana [*.....]
Gold:   435        SH: 10    Dex: 12    Spells: 8/8 levels left

rFire    . . .     SeeInvis .   a - +2 flail (holy)
rCold    + + .     Gourm    .   c - +0 shield
rNeg     + . .     Faith    .   l - +0 chain mail
rPois    ∞         Spirit   .   (no helmet)
rElec    +         Reflect  .   d - +1 cloak
rCorr    +         Harm     .   y - +0 pair of gloves
MR       .....                  (no boots)
Stlth    ..........             (no amulet)
HPRegen  0.17/turn              h - ring of resist corrosion
MPRegen  0.11/turn              g - ring of protection from cold

@: no status effects
A: reduced essence, cold resistance 1, negative energy resistance 1, screaming
1, electricity resistance, unbreathing, petrification resistance, rot immunity,
AC +6
a: Recall Ancestor, Ancestor Identity, Renounce Religion


You were on level 7 of the Dungeon.
You worshipped Hepliaklqana.
Hepliaklqana was aware of your devotion.
You were not hungry.

You visited 1 branch of the dungeon, and saw 7 of its levels.

You collected 435 gold pieces.

Inventory:

Hand Weapons
 a - a +2 flail of holy wrath (weapon)
 b - a +0 hunting sling
Missiles
 r - 173 stones (quivered)
 x - 12 sling bullets
 B - 9 tomahawks
Armour
 c - a +0 shield (worn)
 d - a +1 cloak (worn)
 l - a +0 chain mail (worn)
 y - a +0 pair of gloves (worn)
Jewellery
 g - a ring of protection from cold (right hand)
 h - a ring of resist corrosion (left hand)
 v - an uncursed ring of fire
 F - an uncursed ring of fire
 H - an uncursed ring of stealth
Wands
 k - a wand of flame (42)
 t - a wand of acid (5)
 I - a wand of iceblast (9)
Scrolls
 e - a scroll of remove curse
 j - 4 scrolls of teleportation {unknown}
 m - a scroll of enchant weapon {unknown}
 n - 5 scrolls of amnesia {unknown}
 o - 4 scrolls of identify {unknown}
 p - a scroll of acquirement {unknown}
 q - 5 scrolls of fear {unknown}
 u - 4 scrolls of fog {unknown}
 w - a scroll of magic mapping {unknown}
 G - 2 scrolls of enchant armour {unknown}
Potions
 i - 3 potions of curing
 s - 3 potions of agility
 z - a potion of might
 A - a potion of haste
 C - a potion of heal wounds
 D - a potion of flight
Comestibles
 f - 10 rations


   Skills:
 + Level 7.8 Fighting
 + Level 8.7 Maces & Flails
 + Level 4.9 Armour
 + Level 5.0 Shields


You had 8 spell levels left.
You didn't know any spells.

Dungeon Overview and Level Annotations

Branches:
Dungeon (7/15)             Temple (0/1) D:7

Altars:
Fedhas
Hepliaklqana
Kikubaaqudgha
Qazlal
Zin
The Shining One

Shops:
D:6 *


Innate Abilities, Weirdness & Mutations

You are resistant to torment.
Your stone body is resilient. (AC +6)
You are immune to poison.
You resist negative energy. (rN+)
You are resistant to electric shocks. (rElec)
You can survive without breathing.
You are immune to petrification.
You are immune to rotting.
Your life essence is reduced to manifest your ancestor. (-10% HP)
Your flesh is cold resistant. (rC+)
You occasionally shout uncontrollably at your foes.


Message History

The two-headed ogre hits you with a giant club.
You are too injured to fight recklessly!
You swap places.
Dino hits the two-headed ogre but does no damage.
The two-headed ogre hits dino with a giant spiked club!!
The two-headed ogre hits dino with a giant club!
Dino is destroyed!
Okay, then.
The two-headed ogre hits you but does no damage.
The two-headed ogre hits you with a giant club!!
* * * LOW HITPOINT WARNING * * *
Your shield and chain mail prevent you from hitting the two-headed ogre.
The two-headed ogre is heavily wounded.
You block the two-headed ogre's attack. x2
You thump the two-headed ogre!
The two-headed ogre is almost dead.
You hit the two-headed ogre.
The two-headed ogre is almost dead.
The two-headed ogre hits you with a giant spiked club!
You die...

###.#.....# #....##
###.#....(####.####
....#..........# #####
#.))).....###### ....#
..#<#####..## ....
.##.######..### ..>
........###...## ..
.....##........##### .# #
.###..#######...@O.###.##...#
.# ##.# #.####........... .#
#.## #.# #######..#.. ##
#..######.## # # ##.....##..#
#####...#. #### ###.##
...#### #..# ##....###
##.####


You could see a two-headed ogre.

Vanquished Creatures
  Eustachio (D:4)
  Duvessa (D:4)
  A black bear (D:7)
  A sky beast (D:6)
  The ghost of Gigax the Insei, an amateur OpMo (D:3)
  A bullfrog (D:7)
  Dowan (D:4)
  7 killer bees
  2 electric eels (D:3)
  2 howler monkeys
  5 crimson imps
  Crazy Yiuf (D:3)
  A hound (D:7)
  A bullfrog skeleton (D:7)
  A centaur skeleton (D:4)
  2 orc priests (D:5)
  2 orc wizards
  A worker ant (D:6)
  A worker ant zombie (D:5)
  A howler monkey skeleton (D:5)
  8 adders
  A shadow imp (D:4)
  2 oozes
  An adder zombie (D:5)
  3 worms
  4 dart slugs
  3 leopard geckos
  21 orcs
  4 giant cockroaches
  6 goblins
  7 hobgoblins
  4 jackals (D:5)
  3 quokkas
  5 bats
  4 kobolds
  A quokka zombie (D:7)
  5 rats
116 creatures vanquished.

Vanquished Creatures (collateral kills)
  A bullfrog (D:7)
  A killer bee (D:7)
  An iguana (D:6)
  An orc wizard (D:7)
  A worker ant (D:6)
  An orc (D:6)
6 creatures vanquished.

Vanquished Creatures (others)
  3 ancestors (D:7)
3 creatures vanquished.

Grand Total: 125 creatures vanquished

Notes
Turn   | Place    | Note
-------+----------+-------------------------------------------
     0 | D:1      | sankara the Gargoyle Fighter began the quest for the Orb.
     0 | D:1      | Reached XP level 1. HP: 14/14 MP: 1/1
   232 | D:1      | Reached XP level 2. HP: 19/19 MP: 2/2
  1046 | D:2      | Reached skill level 3 in Maces & Flails
  1046 | D:2      | Reached XP level 3. HP: 3/24 MP: 3/3
  1370 | D:2      | Found a glowing silver altar of Zin.
  1892 | D:2      | Reached XP level 4. HP: 29/29 MP: 4/4
  2196 | D:3      | Reached skill level 4 in Maces & Flails
  2244 | D:3      | Found an ancient bone altar of Kikubaaqudgha.
  2317 | D:3      | Found a transporter.
  2371 | D:3      | Found a transporter.
  2472 | D:3      | You fall through a shaft!
  2482 | D:4      | Reached XP level 5. HP: 34/34 MP: 5/5
  2706 | D:4      | Noticed Duvessa
  2722 | D:4      | Noticed Dowan
  2736 | D:4      | Killed Duvessa
  2736 | D:4      | Reached skill level 5 in Fighting
  2736 | D:4      | Reached skill level 5 in Maces & Flails
  2736 | D:4      | Reached XP level 6. HP: 39/40 MP: 6/6
  2743 | D:4      | Killed Dowan
  2941 | D:3      | Found a faded altar of an unknown god.
  3017 | D:3      | Found a runed door.
  3124 | D:3      | Noticed Gigax's ghost (amateur OpMo)
  3130 | D:3      | Killed Gigax's ghost
  3130 | D:3      | Reached skill level 6 in Maces & Flails
  3130 | D:3      | Reached XP level 7. HP: 44/44 MP: 7/7
  3293 | D:3      | Noticed Crazy Yiuf
  3300 | D:3      | Paralysed by Crazy Yiuf for 3 turns
  3304 | D:3      | Killed Crazy Yiuf
  3720 | D:4      | Noticed Eustachio
  3729 | D:4      | Killed Eustachio
  3909 | D:4      | Reached skill level 7 in Maces & Flails
  4083 | D:5      | Entered Level 5 of the Dungeon
  4273 | D:5      | Reached XP level 8. HP: 52/52 MP: 8/8
  4590 | D:5      | Found a hazy altar of Hepliaklqana.
  4629 | D:5      | Became a worshipper of Hepliaklqana the Forgotten
  4831 | D:5      | Found a glowing golden altar of the Shining One.
  5182 | D:6      | Found Soz Vische's Elemental Accessories.
  5186 | D:6      | Reached * piety under Hepliaklqana
  5229 | D:6      | Reached skill level 8 in Maces & Flails
  5301 | D:6      | Found a stormy altar of Qazlal.
  5309 | D:6      | Found a blossoming altar of Fedhas.
  6335 | D:7      | Reached XP level 9. HP: 51/51 MP: 9/9
  6385 | D:7      | Found a staircase to the Ecumenical Temple.
  6415 | D:7      | Gained mutation: You occasionally shout uncontrollably at your foes. [potion of mutation]
  6415 | D:7      | Gained mutation: Your flesh is cold resistant. (rC+) [potion of mutation]
  6434 | D:7      | Reached skill level 5 in Shields
  6732 | D:7      | Noticed a two-headed ogre
  6745 | D:7      | Slain by a two-headed ogre

Vault maps used:
D:1:      erik_arrival_cave_to_civilisation, st_stairs_9
D:2:      old_standard_altar
D:3:      gammafunk_steamed_eel, lemuel_round_altar, first_ration,
          chequers_ecumenical_altar_twisty, uniq_crazy_yiuf_cottage
D:4:      uniq_eustachio, uniq_duvessa
D:5:      kennysheep_little_box, tso_altar
D:6:      grunt_temple_overflow_forces_of_nature, nicolae_elemental_shop
D:7:      minmay_temple_entry_mist

Skill      XL: |  1  2  3  4  5  6  7  8  9 |
---------------+----------------------------+-----
Maces & Flails | 3 4 5 6 7 8 |  8.7
Fighting       | 4 5 6 7 |  7.8
Shields        | 4 5 |  5.0
Armour         | 4 |  4.9

Action                   |  1- 3 |  4- 6 |  7- 9 || total
-------------------------+-------+-------+-------++-------
Melee: Flail             |   122 |   123 |   268 ||   513
 Fire: Hunting sling     |     1 |    21 |     4 ||    26
Invok: Ancestor Identity |       |       |     2 ||     2
Evoke: Wand              |       |       |     3 ||     3
  Use: Potion            |     1 |     6 |     6 ||    13
       Scroll            |       |     1 |       ||     1
  Eat: Chunk             |     3 |     4 |     5 ||    12
       Ration            |       |       |     2 ||     2
Armor: Scale mail        |    47 |    57 |    38 ||   142
       Chain mail        |       |       |   175 ||   175
Dodge: Dodged            |    38 |    34 |    73 ||   145
Block: Shield            |    70 |    55 |   159 ||   284

Table legend:
 A = Spawn XP
 B = Non-spawn XP
 C = Spawn XP percentage of total XP
 D = Spawn monster count
 E = Non-spawn monster count
 F = Spawn count percentage of total count
 G = Total turns spent on level
                    A         B        C        D         E        F      G
               +---------+---------+-------+---------+---------+-------+---------
         Total |       0 |    2748 |   0.0 |       0 |     122 |   0.0 |  6745
               +---------+---------+-------+---------+---------+-------+---------
           D:1 |       0 |      23 |   0.0 |       0 |      11 |   0.0 |  1238
           D:2 |       0 |      59 |   0.0 |       0 |      18 |   0.0 |   682
           D:3 |       0 |     346 |   0.0 |       0 |      22 |   0.0 |  1305
           D:4 |       0 |     595 |   0.0 |       0 |      17 |   0.0 |   927
           D:5 |       0 |     412 |   0.0 |       0 |      23 |   0.0 |   778
           D:6 |       0 |     549 |   0.0 |       0 |      14 |   0.0 |  1194
           D:7 |       0 |     764 |   0.0 |       0 |      17 |   0.0 |   621
               +---------+---------+-------+---------+---------+-------+---------
